 Dungeon Crawl Stone Soup version 0.17-a0-1778-gd369669 (webtiles) character file.

4445 nubinia the Thaumaturge (level 10, -11/46 HPs)
             Began as a Spriggan Earth Elementalist on Sept 7, 2015.
             Was an Elder of Sif Muna.
             Killed from afar by a smoke demon (31 damage)
             ... with a ball of steam
             ... summoned by a kobold demonologist
             ... on level 10 of the Dungeon on Sept 8, 2015.
             The game lasted 01:10:37 (13654 turns).

nubinia the Thaumaturge (SpEE)                     Turns: 13654, Time: 01:10:38

Health: -11/46     AC:  4    Str: 10    XL:     10   Next: 15%
Magic:  19/25      EV: 22    Int: 18    God:    Sif Muna [****..]
Gold:   389        SH:  6    Dex: 18    Spells: 5 memorised, 18 levels left

rFire  x . .     SeeInvis +     a - 171 stones
rCold  + . .     Clarity  .     n - +1 robe
rNeg   + + .     SustAt   .     z - +0 buckler
rPois  .         Gourm    .     (helmet restricted)
rElec  .         Spirit   .     M - +0 cloak of Taudgh {rF- rN++ Str+5} (curse)
rCorr  .         Warding  .     (gloves unavailable)
rMut   .         Stasis   .     (boots unavailable)
MR     +....                    (no amulet)
Stlth  ++++......               (no ring)
                                g - ring of protection from cold

@: drained, very quick, somewhat resistant to hostile enchantments, stealthy
A: unfitting armour, see invisible, herbivore 3, speed 3, mutation resistance 1,
slow metabolism 2
a: Channel Energy, Forget Spell, Renounce Religion


You were on level 10 of the Dungeon.
You worshipped Sif Muna.
Sif Muna was greatly pleased with you.
You were not hungry.

You visited 2 branches of the dungeon, and saw 11 of its levels.

You collected 485 gold pieces.
You spent 96 gold pieces at shops.

Inventory:

Hand weapons
 b - a +2 short sword of venom
 p - a +0 short sword of protection
 q - a cursed -1 dagger
 F - a +1 vampiric dagger
 G - a +1 dagger
 H - a +0 rapier of electrocution
Missiles
 a - 171 stones (in hand)
Armour
 n - a +1 robe (worn)
 x - a +0 cloak
 z - a +0 buckler (worn)
 M - the cursed +0 cloak of Taudgh (worn) {rF- rN++ Str+5}
   (You found it on level 10 of the Dungeon)

   It affects your strength (+5).
   It makes you vulnerable to fire.
   It greatly protects you from negative energy.
   It has a curse placed upon it.
Jewellery
 e - an uncursed ring of teleportation
 g - a ring of protection from cold (left hand)
 t - an uncursed amulet of stasis
Magical devices
 o - a wand of confusion (31)
 u - a wand of disintegration (24)
 y - a wand of magic darts (6)
 E - a wand of teleportation (0)
 K - a wand of flame (31)
Scrolls
 h - a scroll of amnesia
 j - 5 scrolls of remove curse
 k - 4 scrolls of teleportation
 l - a scroll of magic mapping
 m - a scroll of enchant weapon
 s - a scroll of recharging
 v - 2 scrolls of enchant armour
 B - a scroll of fog
 N - a scroll of blinking
Potions
 f - a potion of haste
 i - a potion of invisibility
 r - 2 potions of resistance
 w - 3 potions of poison
 A - 5 potions of curing
 C - a potion of mutation
 D - a potion of cancellation
 O - a potion of agility
Books
 c - a book of Geomancy

   Spells                             Type                      Level
   a - Sandblast                      Earth                        1
   b - Stoneskin                      Transmutation/Earth          2
   c - Passwall                       Transmutation/Earth          3
   d - Stone Arrow                    Conjuration/Earth            3
   e - Petrify                        Transmutation/Earth          4
   f - Lee's Rapid Deconstruction     Earth                        5
 I - a book of Envenomations

   Spells                             Type                      Level
   a - Spider Form                    Transmutation/Poison         3
   b - Alistair's Intoxication        Transmutation/Poison         4
   c - Olgreb's Toxic Radiance        Poison                       4
   d - Poisonous Cloud                Conjuration/Poison/Air       6
Comestibles
 d - 8 bread rations
 L - 7 slices of pizza


   Skills:
 + Level 1.4(1.3) Fighting
 + Level 2.2 Short Blades
 + Level 6.8 Dodging
 + Level 7.0 Stealth
 + Level 0.8(0.7) Shields
 * Level 10.5 Spellcasting
 + Level 1.6(1.5) Conjurations
 * Level 7.0 Transmutations
 * Level 7.7 Earth Magic


You had 18 spell levels left.
You knew the following spells:

 Your Spells              Type           Power        Failure   Level  Hunger
a - Sandblast             Erth           #####.       1%          1    None
b - Stone Arrow           Conj/Erth      ####..       8%          3    None
c - Passwall              Trmt/Erth      #####.....   1%          3    None
e - Spider Form           Trmt/Pois      ###.......   10%         3    None
s - Stoneskin             Trmt/Erth      #####...     1%          2    None


Dungeon Overview and Level Annotations

Branches:
Dungeon (10/15)            Temple (1/1) D:4
   Lair: D:8-11         Orc: D:9-12

Altars:
Ashenzari
Dithmenos
Elyvilon
Nemelex Xobeh
Qazlal
Sif Muna
The Shining One
Beogh

Shops:
D:5 *   D:9 [

Annotations:
D:2 Terence
D:3 Ajdolov's ghost, average OgBe
D:10 Psyche


Innate Abilities, Weirdness & Mutations

You are tiny and cannot use many weapons and most armour.
You have supernaturally acute eyesight.
You are a herbivore.
You cover ground extremely quickly.
You need consume almost no food.
You are somewhat resistant to further mutation.


Message History

The trapdoor spider zombie completely misses you.
You begin to meditate on the wall.
You continue meditating on the rock.
The trapdoor spider zombie bites you!
The trapdoor spider zombie closely misses you.
The smoke demon barely misses you. The smoke demon hits you.
The smoke demon completely misses you.
The kobold demonologist shouts!
You continue meditating on the rock.
The kobold shouts!
The trapdoor spider zombie completely misses you.
The kobold demonologist mumbles some strange words.
The smoke demon misses you. The smoke demon completely misses you.
The smoke demon hits you but does no damage.
You continue meditating on the rock.
The trapdoor spider zombie misses you.
The kobold demonologist mumbles some strange words.
The smoke demon gestures at you. The ball of steam hits you!
The steam scalds you terribly!
Ouch! That really hurt!
You die...

...#.##.##.####.....#
####.##.##.# #.....#
#.......# #.....# #.# ...#
####.#### #[....# #.###.#.#
###.### #.....# ##........
#.....# ####### #....?....
#.###.# #...≈K≈... #.
#.######### #...≈≈≈...
#.###.##.KKZ@.# #...≈K≈.K.
#.....##.####3# #...K≈≈...
####.###.####K######K..K⌠....
#.....(.<.(()....K#....K.K
#####.####4#########K..###
#.####.# #### #.K.K..#
########


You could see 2 kobold demonologists, a sixfirhy, a smoke demon, a trapdoor
spider zombie and a kobold.

Vanquished Creatures
  A two-headed ogre (D:9)
  A troll (D:10)
  Prince Ribbit (D:7)
  A slime creature (D:10)
  A human (D:9)
  A steam dragon (D:10)
  Edmund (D:6)
  Duvessa (D:7)
  2 orc warriors
  4 ice beasts
  4 ogres
  A phantom (D:9)
  2 sky beasts
  A wasp (D:8)
  2 big kobolds
  5 giant frogs
  Dowan (D:7)
  3 scorpions
  A crimson imp (D:6)
  A centaur zombie (D:7)
  A quasit (D:7)
  2 giant frog skeletons
  2 iguanas
  A jelly (D:5)
  4 orc priests
  A centaur skeleton (D:6)
  5 orc wizards
  8 worker ants
  Natasha (thrice) (D:2)
  3 hounds
  4 sheep (D:9)
  A hound skeleton (D:10)
  10 adders
  13 gnolls
  3 shadow imps
  An ooze (D:1)
  3 adder zombies
  4 worms
  2 adder skeletons (D:4)
  41 orcs
  A ball python (D:5)
  6 bats
  13 goblins
  10 hobgoblins
  11 jackals
  5 quokkas
  5 giant cockroaches
  4 giant geckos
  A giant gecko zombie (D:7)
  7 giant newts
  A jackal skeleton (D:8)
  15 kobolds
  A quokka skeleton (D:5)
  5 rats
232 creatures vanquished.

Notes
Turn   | Place    | Note
--------------------------------------------------------------
     0 | D:1      | nubinia the Spriggan Earth Elementalist began the quest for the Orb.
     0 | D:1      | Reached XP level 1. HP: 9/9 MP: 5/5
   102 | D:1      | Reached XP level 2. HP: 13/13 MP: 1/6
   383 | D:1      | Learned a level 2 spell: Stoneskin
   937 | D:1      | Reached XP level 3. HP: 16/16 MP: 8/8
   942 | D:1      | Learned a level 3 spell: Passwall
  1564 | D:2      | Noticed Natasha
  1835 | D:2      | Killed Natasha
  2055 | D:2      | Reached XP level 4. HP: 21/21 MP: 8/10
  2057 | D:2      | Noticed Natasha
  2081 | D:2      | Killed Natasha
  2212 | D:2      | Found a glowing golden altar of the Shining One.
  2527 | D:2      | Noticed Natasha
  2530 | D:2      | Killed Natasha
  2630 | D:2      | Noticed Terence
  2758 | D:2      | Gained mutation: You are somewhat resistant to further mutation. [potion of beneficial mutation]
  3159 | D:3      | Noticed Ajdolov's ghost (average OgBe)
  3321 | D:3      | Reached skill level 4 in Stealth
  3399 | D:3      | Found a faded altar to an unknown god.
  3493 | D:3      | Found a stormy altar of Qazlal.
  3493 | D:3      | Found a white marble altar of Elyvilon.
  3578 | D:3      | Reached XP level 5. HP: 24/24 MP: 12/12
  4362 | D:4      | Found a staircase to the Ecumenical Temple.
  4381 | Temple   | Entered the Ecumenical Temple
  4387 | Temple   | Became a worshipper of Sif Muna the Loreminder
  4392 | Temple   | Learned a level 3 spell: Stone Arrow
  4396 | Temple   | Learned a level 3 spell: Spider Form
  4433 | D:4      | Noticed an ogre
  4456 | D:4      | Killed an ogre
  4456 | D:4      | Reached XP level 6. HP: 28/28 MP: 8/14
  4541 | D:4      | Reached skill level 5 in Spellcasting
  5166 | D:5      | Entered Level 5 of the Dungeon
  5229 | D:5      | Reached skill level 5 in Stealth
  5395 | D:5      | Found a shadowy altar of Dithmenos.
  5397 | D:5      | Found a sparkling altar of Nemelex Xobeh.
  5807 | D:5      | Found Boxiekia's Bounteous Boutique.
  6018 | D:5      | Acquired Sif Muna's first power
  6018 | D:5      | Reached XP level 7. HP: 32/32 MP: 9/16
  6380 | D:5      | Reached skill level 5 in Earth Magic
  6548 | D:5      | Reached skill level 5 in Dodging
  6554 | D:5      | Reached skill level 6 in Spellcasting
  6907 | D:6      | Noticed Edmund
  7217 | D:6      | Upgraded the game from 0.17-a0-1769-g54adf96 to 0.17-a0-1778-gd369669
  7288 | D:6      | Reached XP level 8. HP: 30/37 MP: 15/19
  7474 | D:6      | Reached skill level 7 in Spellcasting
  7743 | D:5      | Acquired Sif Muna's second power
  8058 | D:7      | Reached skill level 1 in Short Blades
  8386 | D:7      | Noticed Duvessa
  8387 | D:7      | Noticed Dowan
  9025 | D:7      | Killed Dowan
  9082 | D:7      | Killed Duvessa
  9082 | D:7      | Reached skill level 8 in Spellcasting
  9281 | D:7      | Noticed Prince Ribbit
  9366 | D:7      | Reached skill level 5 in Transmutations
  9559 | D:7      | Killed Prince Ribbit
  9595 | D:7      | Reached XP level 9. HP: 16/40 MP: 1/22
  9866 | D:7      | Reached skill level 1 in Conjurations
 10252 | D:6      | Reached skill level 9 in Spellcasting
 10694 | D:6      | Killed Edmund
 11007 | D:8      | Reached skill level 1 in Fighting
 11749 | D:9      | Reached skill level 10 in Spellcasting
 11753 | D:9      | Found Quicoemu's Armour Shop.
 11926 | D:9      | Bought a cursed +0 cloak for 42 gold pieces
 11926 | D:9      | Bought a +0 buckler for 54 gold pieces
 12062 | D:9      | Found a roughly hewn altar of Beogh.
 12162 | D:9      | Acquired Sif Muna's third power
 12687 | D:10     | Entered Level 10 of the Dungeon
 12695 | D:10     | Got an ancient cloak
 12707 | D:10     | Identified the cursed +0 cloak of Taudgh {rF- rN++ Str+5} (You found it on level 10 of the Dungeon)
 12740 | D:10     | Reached XP level 10. HP: 17/45 MP: 18/25
 13261 | D:10     | Noticed Psyche
 13563 | D:10     | Noticed a kobold demonologist
 13563 | D:10     | Noticed a kobold demonologist
 13654 | D:10     | Killed from afar by a smoke demon

Vault maps used:
D:1:      zaba_arrival_water, hangedman_abyss_or_decor_stabs, nrook_mini_vaults
D:2:      nicolae_tso_carved_into_rock, uniq_terence, uniq_natasha
D:3:      gammafunk_temple_overflow_wave, ecumenical_altar_1, first_bread
D:4:      minmay_temple_entry_purple_smoke, nrook_mini_backslash
D:5:      minmay_opposing_rooms, grunt_temple_overflow_open,
          nicolae_alphabet_shops
D:6:      uniq_edmund
D:7:      uniq_duvessa, uniq_prince_ribbit1
D:9:      serial_shops, shop, special_room, grunt_livestock
D:10:     abandoned_shop, serial_park_tiny_pond, minivault_20, uniq_urug,
          uniq_sonja, uniq_psyche
Temple:   water_room_temple_a_12

Action                   |  1- 3 |  4- 6 |  7- 9 | 10-12 || total
-------------------------+-------+-------+-------+-------++-------
Melee: Dagger            |    42 |   149 |   113 |       ||   304
       Rapier            |       |       |    32 |       ||    32
       Short sword       |       |       |   177 |    45 ||   222
 Cast: Sandblast         |    44 |   106 |   105 |    12 ||   267
       Stoneskin         |     2 |     4 |    12 |     1 ||    19
       Stone Arrow       |       |     7 |    78 |    11 ||    96
       Passwall          |       |       |       |     1 ||     1
Invok: Channel Energy    |       |       |     1 |       ||     1
 Abil: Evoke Teleportati |       |       |     1 |       ||     1
  Use: Scroll            |       |    10 |    14 |     1 ||    25
       Potion            |       |     1 |     1 |       ||     2
 Stab: Sleeping          |     3 |    12 |    15 |       ||    30
       Distracted        |     1 |       |     6 |     1 ||     8
  Eat: Bread ration      |       |     1 |     1 |       ||     2
